 Dungeon Crawl Stone Soup version 0.17-a0-1850-g688e747 (webtiles) character file.

14 4thArraOfDagon the Firebug (level 2, -1/18 HPs)
             Began as an Octopode Fire Elementalist on Sept 18, 2015.
             Slain by an orc priest
             ... wielding a +0 whip
              (8 damage)
             ... on level 4 of the Dungeon.
             The game lasted 00:02:25 (346 turns).

4thArraOfDagon the Firebug (OpFE)                    Turns: 346, Time: 00:02:25

Health: -1/18      AC:  1    Str: 10      XL:     2   Next: 45%
Magic:  4/5        EV: 12    Int: 14 (17) God:
Gold:   66         SH:  0    Dex: 12      Spells: 1 memorised, 4 levels left

rFire  . . .     SeeInvis .     c - +0 whip
rCold  . . .     Clarity  .     (no shield)
rNeg   . . .     SustAt   .     (helmet restricted)
rPois  .         Gourm    .     (no amulet)
rElec  .         Spirit   .     (no ring)
rCorr  .         Warding  .     (no ring)
rMut   .         Stasis   .     (no ring)
MR     .....                    (no ring)
Stlth  +++.......               (no ring)
                                (no ring)
                                (no ring)
                                (no ring)

@: mighty, short of breath, not resistant to hostile enchantments, fairly
stealthy
A: almost no armour, amphibious, 8 rings, constrict 8, camouflage 1, robust 1,
spit poison 1, weak 1, gelatinous body 1
a: Spit Poison


You were on level 4 of the Dungeon.
You were not hungry.

You visited 1 branch of the dungeon, and saw 5 of its levels.

You collected 66 gold pieces.

Inventory:

Hand weapons
 c - a +0 whip (weapon)
Jewellery
 f - an uncursed amulet of stasis
Magical devices
 i - a wand of slowing (34)
Scrolls
 g - a scroll of teleportation {unknown}
Books
 a - a book of Flames

   Spells                             Type                      Level
   a - Flame Tongue                   Conjuration/Fire             1
   b - Throw Flame                    Conjuration/Fire             2
   c - Conjure Flame                  Conjuration/Fire             3
   d - Inner Flame                    Hexes/Fire                   3
   e - Sticky Flame                   Conjuration/Fire             4
   f - Fireball                       Conjuration/Fire             5
Comestibles
 b - a bread ration
 d - 4 chunks of flesh


   Skills:
 - Level 2.0 Dodging
 - Level 2.6 Stealth
 + Level 2.1 Spellcasting
 * Level 1.7 Conjurations
 * Level 3.3 Fire Magic


You had 4 spell levels left.
You knew the following spells:

 Your Spells              Type           Power        Failure   Level  Hunger
a - Flame Tongue          Conj/Fire      #....        10%         1    #......


Dungeon Overview and Level Annotations

Branches:
Dungeon (5/15)
 Temple: D:4-7

Altars:
Ru
Trog


Innate Abilities, Weirdness & Mutations

You cannot wear most types of armour.
You are amphibious.
You can wear up to eight rings at the same time.
You can use your tentacles to constrict eight enemies at once.
Your skin changes colour to match your surroundings (Stealth).
Your rubbery body absorbs attacks (AC +1).
You are robust (+10% HP).
You can spit weak poison.
You are weak. (Str -2)


Message History

Press: ? - help, Shift-Dir - straight line, f/p - orc priest
Aim: an orc priest, wielding a whip (hasn't noticed you)
The flame tongue hits the orc.
You kill the orc!
The orc priest shouts!
You hear a shout!
You hear a shout!
An orc priest comes into view.
Unknown command.
Drink which item? (? for menu, Esc to quit)
It was a potion of degeneration.
There was something very wrong with that liquid.
You feel dopey.
The orc priest calls down the wrath of Beogh upon you.
Pain shoots through your body!
Unknown command.
Unknown command.
Drink which item? (? for menu, Esc to quit)
It was a potion of might.
You feel very mighty all of a sudden. The orc priest hits you with a whip!
You die...

###..#
##...##
#..### #.##
##.## ##...#
##....#
##.....#
#@.#...#
##o###.##
#.o.#######
#......o<.#
#...#####..o.
##.## # ###


You could see 2 orc priests.

Vanquished Creatures
  An adder skeleton (D:4)
  A giant gecko (D:4)
  2 orcs (D:4)
  A goblin (D:3)
  A ball python (D:3)
  A giant newt (D:5)
  A quokka (D:2)
  2 rats (D:2)
10 creatures vanquished.

Notes
Turn   | Place    | Note
--------------------------------------------------------------
     0 | D:1      | 4thArraOfDagon the Octopode Fire Elementalist began the quest for the Orb.
     0 | D:1      | Reached XP level 1. HP: 11/11 MP: 3/3
     7 | D:1      | Gained mutation: You are weak. (Str -2) [potion of mutation]
     7 | D:1      | Gained mutation: You are robust (+10% HP). [potion of mutation]
     7 | D:1      | Gained mutation: You can spit weak poison. [potion of mutation]
   106 | D:2      | Found a sacrificial altar of Ru.
   107 | D:2      | Found a bloodstained altar of Trog.
   243 | D:4      | Reached XP level 2. HP: 4/18 MP: 0/5
   264 | D:4      | Noticed a worker ant
   282 | D:5      | Entered Level 5 of the Dungeon
   342 | D:4      | Noticed an orc priest
   345 | D:4      | Noticed an orc priest
   346 | D:4      | Slain by an orc priest

Vault maps used:
D:1:      tarquinn_simple_flora_water_b, monster_avoids_cloud
D:2:      gammafunk_temple_overflow_pools, fiery_altar_vehumet,
          nemelex_xobeh_ov_fountains_minmay
D:3:      first_bread
D:4:      nicolae_overflow_crystal_walls, minitemple, lemuel_crystal_altar
D:5:      minmay_temple_entry_large_hall

Action                   || total
-------------------------++-------
Melee: Unarmed           ||     4
       Whip              ||     3
 Cast: Flame Tongue      ||     6
 Abil: Spit Poison       ||     8
  Use: Potion            ||     3
